 Dungeon Crawl Stone Soup version 0.26-a0-639-g72c4674329 (webtiles) character file.

Game seed: 1181761543693830282

305 Colgate the Conjurer (level 6, 26/41 HPs)
             Began as a Human Conjurer on Sept 17, 2020.
             Was a Follower of Ashenzari.
             Quit the game on level 4 of the Dungeon.
             The game lasted 00:19:16 (3618 turns).

Colgate the Conjurer (Human Conjurer)               Turns: 3618, Time: 00:19:16

Health: 26/41      AC:  2    Str:  7    XL:     6   Next: 67%
Magic:  1/18       EV: 12    Int: 21    God:    Ashenzari [*.....]
Gold:   188        SH:  0    Dex: 11    Spells: 7/10 levels left

rFire    . . .     SeeInvis .   a - +0 mace (curse)
rCold    . . .     Faith    .   (no shield)
rNeg     + . .     Spirit   .   j - +0 robe (curse)
rPois    .         Reflect  .   (no helmet)
rElec    .         Harm     .   (no cloak)
rCorr    .         Rampage  .   (no gloves)
MR       .....                  (no boots)
Stlth    ++........             k - amulet of regeneration (curse)
HPRegen  0.53/turn              b - ring of positive energy (curse)
MPRegen  0.16/turn              D - ring of magical power (curse)

@: no status effects
A: no striking features
a: Curse Item, Scrying, Renounce Religion


You were on level 4 of the Dungeon.
You worshipped Ashenzari.
Ashenzari was aware of your devotion.
You visited 1 branch of the dungeon, and saw 4 of its levels.

You collected 188 gold pieces.

Inventory:

Hand Weapons
 a - a cursed +0 mace (weapon)
 i - a +0 dagger
 u - a +0 trident
 v - a +0 dagger
 w - a +0 short sword
 x - a +0 dagger
 y - a +0 dagger
 z - a +0 falchion
 C - a +0 flail
 E - a +0 quarterstaff
 M - a +4 whip of venom
Missiles
 d - 71 stones (quivered)
 l - 32 bolts
 t - 41 arrows
Armour
 e - a +0 ring mail
 h - a +0 leather armour
 j - a cursed +0 robe (worn)
 p - a +0 scale mail
Jewellery
 b - a cursed ring of positive energy (left hand)
 k - a cursed amulet of regeneration (around neck)
 D - a cursed ring of magical power (right hand)
 G - an uncursed ring of flight
Wands
 I - a wand of random effects (20)
 J - a wand of enslavement (9)
Scrolls
 m - 4 scrolls of identify {unknown}
 o - a scroll of enchant weapon {unknown}
 q - a scroll of teleportation {unknown}
 r - 2 scrolls of enchant armour {unknown}
 B - a scroll of fear {unknown}
 F - a scroll of fog {unknown}
 H - 2 scrolls of magic mapping {unknown}
 L - a scroll of random uselessness {unknown}
Potions
 c - a potion of brilliance {unknown}
 f - 2 potions of degeneration {unknown}
 g - 3 potions of curing {unknown}
 n - a potion of might {unknown}
 s - a potion of cancellation {unknown}
 A - a potion of lignification {unknown}
 K - a potion of heal wounds {unknown}


   Skills:
 - Level 0.1 Throwing
 - Level 1.1 Armour
 - Level 2.0 Dodging
 - Level 2.0 Stealth
 - Level 0.1 Unarmed Combat
 - Level 2.5 Spellcasting
 + Level 7.0 Conjurations


You had 7 spell levels left.
You knew the following spells:

 Your Spells              Type           Power        Failure   Level
a - Magic Dart            Conj           ####         1%          1
b - Searing Ray           Conj           ####..       1%          2

Your spell library contained the following spells:

 Spells                   Type           Power        Failure   Level
 Dazzling Flash           Conj/Hex       ###...       10%         3
 Fulminant Prism          Conj/Hex       ###.......   32%         4
 Iskenderun's Mystic Bla  Conj/Tloc      ###.....     32%         4
 Confusing Touch          Hex            #.......     38%         3
 Gell's Gravitas          Tloc           #.........   38%         3
 Petrify                  Tmut/Erth      #.......     80%         4
 Metabolic Englaciation   Hex/Ice        #.........   98%         5
 Yara's Violent Unravell  Hex/Tmut       #.........   98%         5


Dungeon Overview and Level Annotations

Branches:
Dungeon (4/15)
 Temple: D:4-7

Altars:
Ashenzari


Message History

The bullfrog skeleton hits you.
You hit the bullfrog skeleton.
The bullfrog skeleton is severely damaged.
The bullfrog skeleton hits you.
The bullfrog skeleton closely misses you.
You barely miss the bullfrog skeleton.
The bullfrog skeleton is severely damaged.
The bullfrog skeleton hits you.
The bullfrog skeleton barely misses you.
You sock the bullfrog skeleton!
The bullfrog skeleton is almost destroyed.
The bullfrog skeleton misses you. The bullfrog skeleton hits you.
You hit the bullfrog skeleton but do no damage.
The bullfrog skeleton is almost destroyed.
The bullfrog skeleton barely misses you.
The bullfrog skeleton hits you but does no damage.
You sock the bullfrog skeleton!
You destroy the bullfrog skeleton!
Your Conjurations skill increases to level 7!
Are you sure you want to abandon this character and quit the game? (Confirm with "yes".)

...........#######....#
#......####†..........#
#......# +..)........#
#......+ #...........#
#......# #...).......##
...##### ####+#.......#
...# #.......# ...#
#.......# ...#
#@....[.# ##.#
#.......# ##.#####+#
#.......# .#.......#
#........ .'.......#
#........ .#.......#
+........ ##..###..#
#........ ##..####'##
#####.... #....#....#


There were no monsters in sight!

Vanquished Creatures
  An ogre (D:4)
  A bullfrog skeleton (D:4)
  A hound (D:4)
  3 gnolls (D:4)
  6 adders
  3 oozes
  3 worms
  2 dart slugs
  3 leopard geckos
  An orc (D:3)
  A giant cockroach (D:1)
  4 goblins (D:2)
  4 hobgoblins
  5 jackals
  6 kobolds
  A quokka (D:3)
  7 bats
  2 frilled lizards
  A jackal skeleton (D:4)
  3 rats (D:1)
58 creatures vanquished.

Vanquished Creatures (others)
  5 toadstools (D:1)
5 creatures vanquished.

Grand Total: 63 creatures vanquished

Notes
Turn   | Place    | Note
-------+----------+-------------------------------------------
     0 | D:1      | Colgate the Human Conjurer began the quest for the Orb.
     0 | D:1      | Reached XP level 1. HP: 13/13 MP: 3/3
   258 | D:1      | Reached XP level 2. HP: 15/19 MP: 1/5
   262 | D:1      | Learned a level 2 spell: Searing Ray
  1027 | D:1      | Reached XP level 3. HP: 24/24 MP: 1/6
  1141 | D:2      | Reached skill level 5 in Conjurations
  1479 | D:2      | Reached XP level 4. HP: 30/30 MP: 4/7
  2000 | D:3      | Found a shattered altar of Ashenzari.
  2006 | D:3      | Became a worshipper of Ashenzari the Shackled
  2764 | D:3      | Reached XP level 5. HP: 35/35 MP: 8/8
  2809 | D:3      | Reached skill level 6 in Conjurations
  3464 | D:4      | Reached * piety under Ashenzari
  3471 | D:4      | Noticed an ogre
  3476 | D:4      | Killed an ogre
  3476 | D:4      | Reached skill level 1 in Armour
  3476 | D:4      | Reached XP level 6. HP: 19/41 MP: 9/9
  3617 | D:4      | Reached skill level 7 in Conjurations
  3618 | D:4      | Quit the game

Illustrated notes

Levels and vault maps discovered:
D:1:      ldierk_walled_garden, layout_loops_ring, roderic_st_hans_cross
D:2:      layout_rooms, kennysheep_decorative_pillar
D:3:      layout_basic, ashenzari_altar_1
D:4:      layout_gridville

Skill      XL: |  1  2  3  4  5  6 |
---------------+-------------------+-----
Conjurations   | 5 6 7 |  7.0
Armour         | 1 |  1.1
Throwing       | |  0.1
Dodging        | |  2.0
Stealth        | |  2.0
Unarmed Combat | |  0.1
Spellcasting   | |  2.5

Action                   |  1- 3 |  4- 6 || total
-------------------------+-------+-------++-------
Melee: Unarmed           |     7 |       ||     7
       Dagger            |     1 |       ||     1
       Mace              |       |     5 ||     5
Throw: Stone             |     8 |     2 ||    10
 Cast: Magic Dart        |    31 |    26 ||    57
       Searing Ray       |     8 |    25 ||    33
Invok: Curse Item        |       |     5 ||     5
Armor: Robe              |       |     1 ||     1
Dodge: Dodged            |    10 |     6 ||    16

Table legend: (Time is in decaauts)
 A = Elapsed time spent in this place.
 B = Non-inter-level travel time spent in this place.
 C = Inter-level travel time spent in this place.
 D = Time resting spent in this place.
 E = Time spent auto-exploring this place.
 F = Levels seen in this place.
 G = Mean time per level.
                   A        B        C        D        E       F      G
               +--------+--------+--------+--------+--------+-----+--------+
         Total |   3617 |   3298 |    319 |      0 |   2856 |   4 |  904.2 |
       Dungeon |   3617 |   3298 |    319 |      0 |   2856 |   4 |  904.2 |
               +--------+--------+--------+--------+--------+-----+--------+

Top non-repeatable levels by time:
     D:1: 1201 daAuts
     D:3: 1149 daAuts
     D:2: 971 daAuts
     D:4: 295 daAuts
